 Dungeon Crawl Stone Soup version 0.21.1-1-g345015fe64 (webtiles) character file.

2941 Htamos the Thaumaturge (level 9, -6/45 HPs)
             Began as a Deep Elf Conjurer on July 12, 2018.
             Was a Believer of Sif Muna.
             Mangled by an orc warrior
             ... wielding a +0 battleaxe
              (21 damage)
             ... on level 9 of the Dungeon.
             The game lasted 00:22:31 (10208 turns).

Htamos the Thaumaturge (Deep Elf Conjurer)         Turns: 10208, Time: 00:22:32

Health: -6/45      AC:  5    Str:  5    XL:     9   Next: 51%
Magic:  12/28      EV: 13    Int: 24    God:    Sif Muna [**....]
Gold:   599        SH:  0    Dex: 15    Spells: 30/35 levels left

rFire    + + .     SeeInvis .   y - +1 dagger (speed)
rCold    x x .     Gourm    .   (no shield)
rNeg     . . .     Faith    .   a - +0 robe
rPois    .         Spirit   .   F - +0 helmet
rElec    .         Reflect  .   J - +0 cloak
rCorr    .         Harm     .   (no gloves)
MR       .....                  I - +0 pair of boots
Stlth    ++........             (no amulet)
HPRegen  0.15/turn              A - ring of fire
MPRegen  0.21/turn              r - ring of fire

@: no status effects
A: no striking features
a: Divine Energy, Renounce Religion


You were on level 9 of the Dungeon.
You worshipped Sif Muna.
Sif Muna was pleased with you.
You were near starving.

You visited 2 branches of the dungeon, and saw 10 of its levels.

You collected 599 gold pieces.

Inventory:

Hand Weapons
 h - a +0 dagger of venom
 k - a +0 dagger of venom
 o - a -2 hunting sling
 y - a +1 dagger of speed (weapon)
Missiles
 i - 135 arrows
 l - 304 stones (quivered)
 C - 16 sling bullets
 E - 99 bolts
 G - 23 poisoned needles
Armour
 a - a +0 robe (worn)
 j - a +0 leather armour
 v - a +0 cloak
 w - a cursed +0 ring mail
 x - a +2 shield
 F - a +0 helmet (worn)
 H - a +0 large shield
 I - a +0 pair of boots (worn)
 J - a +0 cloak (worn)
Jewellery
 f - a +5 ring of strength {unknown}
 p - an uncursed amulet of faith
 r - a ring of fire (right hand)
 s - a +3 ring of evasion {unknown}
 u - an uncursed ring of positive energy
 A - a ring of fire (left hand)
Wands
 P - a wand of polymorph (8)
Scrolls
 c - a scroll of teleportation
 q - a scroll of noise
 t - 2 scrolls of enchant weapon
 B - 3 scrolls of magic mapping
 K - a scroll of fog
 L - a scroll of amnesia
 O - a scroll of identify
Potions
 d - a potion of heal wounds
 e - a potion of cancellation
 g - a potion of resistance
 m - a potion of might
 n - a potion of ambrosia
 D - a potion of degeneration
 N - 2 potions of brilliance {unknown}
 Q - a potion of invisibility {unknown}
Books
 b - a book of Conjurations

   Spells                             Type                      Level
   a - Magic Dart                     Conjuration                  1
   b - Searing Ray                    Conjuration                  2
   c - Dazzling Spray                 Conjuration/Hexes            3
   d - Fulminant Prism                Conjuration/Hexes            4
   e - Force Lance                    Conjuration/Translocation    4
   f - Iskenderun's Mystic Blast      Conjuration                  4
 z - a book of Geomancy

   Spells                             Type                      Level
   a - Sandblast                      Earth                        1
   b - Passwall                       Transmutation/Earth          2
   c - Stone Arrow                    Conjuration/Earth            3
   d - Petrify                        Transmutation/Earth          4
   e - Lee's Rapid Deconstruction     Earth                        5
Comestibles
 M - 5 rations


   Skills:
 - Level 2.4 Dodging
 - Level 2.4 Stealth
 + Level 13.7 Spellcasting
 - Level 9.5 Conjurations


You had 30 spell levels left.
You knew the following spells:

 Your Spells              Type           Power        Failure   Level  Hunger
a - Magic Dart            Conj           ####         1%          1    None
b - Iskenderun's Mystic   Conj           ######..     1%          4    None


Dungeon Overview and Level Annotations

Branches:
Dungeon (9/15)             Temple (1/1) D:6
   Lair: D:8-11         Orc: D:9-12

Altars:
Ashenzari
Cheibriados
Dithmenos
Elyvilon
Fedhas
Gozag
Hepliaklqana
Kikubaaqudgha
Makhleb
Nemelex Xobeh
Okawaru
Qazlal
Ru
Sif Muna
Trog
Uskayaw
Vehumet
Wu Jian
Xom
Yredelemnul
Zin
The Shining One

Annotations:
D:3 Roikka's ghost, amateur DsAK


Message History

You kill the orc!
Sif Muna accepts your kill.
The orc warrior hits you with a battleaxe!
Casting: Magic Dart
Confirm with . or Enter, or press ? or * to list all spells.
Aiming: Magic Dart
Press: ? - help, Shift-Dir - straight line, f - orc warrior
Aim: an orc warrior, wielding a battleaxe and wearing a plate armour The magic dart hits the orc warrior.
The orc wizard barely misses you. The orc warrior closely misses you.
The orc wizard points at you and mumbles some strange words.
The puff of frost hits you!
You feel a terrible chill!
Casting: Magic Dart
Confirm with . or Enter, or press ? or * to list all spells.
Aiming: Magic Dart
Press: ? - help, Shift-Dir - straight line, f/p - orc warrior
Aim: an orc warrior, wielding a battleaxe and wearing a plate armour The magic dart hits the orc warrior.
The orc wizard barely misses you.
The orc warrior hits you with a battleaxe!!
You die...

!.. ..# ).#
.. #.##
#####.)#
......o####
#.o@..#
#.....#
##...(.#
#....(##
#.....#
#.....#
#####.##
#..# #..#


You could see an orc warrior and an orc wizard.

Vanquished Creatures
  Pikel (D:5)
  Sigmund (D:6)
  A hungry ghost (D:9)
  Edmund (D:4)
  An orc warrior (D:9)
  A sky beast (D:7)
  3 slaves (D:5)
  A phantom (D:5)
  4 ogres
  A necrophage (D:8)
  2 bullfrogs
  2 scorpions
  8 howler monkeys
  2 crimson imps
  A bullfrog zombie (D:9)
  Crazy Yiuf (D:4)
  4 hounds
  4 orc priests
  5 orc wizards
  3 bullfrog skeletons
  An iguana (D:9)
  2 worker ants
  A hound skeleton (D:4)
  A mummy (D:5)
  A howler monkey skeleton (D:7)
  A worker ant zombie (D:8)
  4 gnolls (D:9)
  6 adders
  An ooze (D:4)
  An adder skeleton (D:4)
  A worm (D:6)
  3 dart slugs
  3 leopard geckos
  13 orcs
  8 giant cockroaches
  3 goblins
  6 hobgoblins
  3 jackals (D:4)
  7 kobolds
  3 quokkas
  A ball python (D:5)
  4 bats
  2 frilled lizards (D:1)
  A goblin skeleton (D:9)
  A jackal zombie (D:5)
  A leopard gecko skeleton (D:9)
  An orc skeleton (D:9)
  An orc zombie (D:9)
  A quokka skeleton (D:8)
  5 rats
134 creatures vanquished.

Vanquished Creatures (others)
  An orc wizard (D:3)
  3 orcs (D:3)
4 creatures vanquished.

Grand Total: 138 creatures vanquished

Notes
Turn   | Place    | Note
-------+----------+-------------------------------------------
     0 | D:1      | Htamos the Deep Elf Conjurer began the quest for the Orb.
     0 | D:1      | Reached XP level 1. HP: 10/10 MP: 6/6
    54 | D:1      | Found a sparkling altar of Nemelex Xobeh.
   214 | D:1      | Reached XP level 2. HP: 15/15 MP: 4/8
   376 | D:1      | Reached skill level 5 in Conjurations
   942 | D:2      | Reached XP level 3. HP: 19/19 MP: 6/9
  1556 | D:3      | Reached XP level 4. HP: 24/24 MP: 7/11
  1623 | D:3      | Noticed Roikka's ghost (amateur DsAK)
  3244 | D:3      | HP: 1/24 [something (7)]
  3902 | D:4      | Reached skill level 4 in Spellcasting
  4082 | D:4      | Found a runed door.
  4137 | D:4      | Reached XP level 5. HP: 20/28 MP: 8/14
  4185 | D:4      | Reached skill level 5 in Spellcasting
  4375 | D:4      | Reached XP level 6. HP: 24/32 MP: 7/16
  4454 | D:4      | Noticed Edmund
  4596 | D:3      | Learned a level 4 spell: Iskenderun's Mystic Blast
  4613 | D:4      | Reached skill level 6 in Spellcasting
  4788 | D:4      | Killed Edmund
  4923 | D:4      | You fall through a shaft!
  4923 | D:5      | Entered Level 5 of the Dungeon
  4940 | D:5      | Reached skill level 7 in Spellcasting
  4940 | D:5      | Reached XP level 7. HP: 36/36 MP: 5/19
  5111 | D:5      | Noticed Pikel
  5654 | D:5      | Killed Pikel
  5654 | D:5      | Reached skill level 8 in Spellcasting
  5654 | D:5      | Reached XP level 8. HP: 21/41 MP: 11/22
  5843 | D:5      | Found an iron altar of Okawaru.
  5845 | D:5      | Found an opulent altar of Gozag.
  5847 | D:5      | Found a white marble altar of Elyvilon.
  5849 | D:5      | Found a deep blue altar of Sif Muna.
  5849 | D:5      | Found a blossoming altar of Fedhas.
  5852 | D:5      | Found a glowing golden altar of the Shining One.
  5875 | D:5      | Reached skill level 9 in Spellcasting
  6035 | D:5      | Found a snail-covered altar of Cheibriados.
  6216 | D:5      | Found a burning altar of Makhleb.
  6390 | D:4      | Noticed Crazy Yiuf
  6392 | D:4      | Killed Crazy Yiuf
  6527 | D:6      | Found a staircase to the Ecumenical Temple.
  6533 | Temple   | Entered the Ecumenical Temple
  6683 | D:5      | Became a worshipper of Sif Muna the Loreminder
  6779 | D:6      | Noticed Sigmund
  6782 | D:6      | Killed Sigmund
  7342 | D:6      | Reached skill level 10 in Spellcasting
  7571 | D:7      | Found a stormy altar of Qazlal.
  7571 | D:7      | Found a basalt altar of Yredelemnul.
  7571 | D:7      | Found a sacrificial altar of Ru.
  7572 | D:7      | Found a radiant altar of Vehumet.
  7573 | D:7      | Found a glowing silver altar of Zin.
  7838 | D:7      | Reached skill level 11 in Spellcasting
  7859 | D:7      | Reached * piety under Sif Muna
  8811 | D:8      | Reached XP level 9. HP: 45/45 MP: 17/26
  9063 | D:8      | Reached skill level 12 in Spellcasting
  9707 | D:9      | Reached ** piety under Sif Muna
  9772 | D:9      | Reached skill level 13 in Spellcasting
 10208 | D:9      | Mangled by an orc warrior

Skill      XL: |  1  2  3  4  5  6  7  8  9 |
---------------+----------------------------+-----
Conjurations   | 5 6 7 8 9 |  9.5
Spellcasting   | 4 5 7 8 11 13 | 13.7
Dodging        | |  2.4
Stealth        | |  2.4

Action                   |  1- 3 |  4- 6 |  7- 9 || total
-------------------------+-------+-------+-------++-------
Melee: Unarmed           |     1 |       |       ||     1
       Dagger            |       |    11 |    83 ||    94
 Cast: Magic Dart        |    71 |    84 |   177 ||   332
       Iskenderun's Myst |       |     8 |    78 ||    86
Evoke: Wand              |       |     3 |       ||     3
  Use: Scroll            |       |    10 |     5 ||    15
       Potion            |       |       |     7 ||     7
  Eat: Chunk             |     2 |     4 |    11 ||    17
       Ration            |       |     2 |     2 ||     4
Armor: Robe              |     1 |     9 |    13 ||    23
       Skin              |       |       |    21 ||    21
Dodge: Dodged            |     3 |    18 |    84 ||   105
